 Dungeon Crawl Stone Soup version 0.30.0-15-g856e2d3f33 (webtiles) character file.

Game seed: 6249226528269449450

3222 Warped the Thaumaturge (level 9, 0/44 (47) HPs)
             Began as a Deep Elf Conjurer on May 19, 2023.
             Was an Initiate of Vehumet.
             Slain by a wight
             ... wielding a +3 halberd
              (13 damage)
             ... on level 7 of the Dungeon.
             The game lasted 00:27:36 (8772 turns).

Warped the Thaumaturge (Deep Elf Conjurer)          Turns: 8772, Time: 00:27:37

HP:   0/44 (47)     AC: 10    Str: 12    XL:     9   Next: 66%
MP:   1/24          EV: 11    Int: 28    God:    Vehumet [......]
Gold: 821           SH:  0    Dex: 13    Spells: 5/27 levels left

rFire   . . .        a - +5 falchion of Patterns {freeze, rPois Str+2}
rCold   . . .        (no shield)
rNeg    . . .        n - +1 swamp dragon scales
rPois   +            (no helmet)
rElec   .            J - +0 cloak
rCorr   .            (no gloves)
SInv    .            (no boots)
Will    .....        (no amulet)
Stlth   ++           t - +6 ring of strength
HPRegen 0.27/turn    c - +4 ring of slaying
MPRegen 0.19/turn

%: no passive effects
@: drained
A: no striking features
a: Renounce Religion


You were on level 7 of the Dungeon.
You worshipped Vehumet.
Vehumet was noncommittal.
You visited 2 branches of the dungeon, and saw 8 of its levels.
You also visited: Sewer.

You collected 893 gold pieces.
You spent 72 gold pieces at shops.

Inventory:

Hand Weapons
 a - the +5 falchion of Patterns (weapon) {freeze, rPois Str+2}
   (You found it on level 5 of the Dungeon)

   Str:       It affects your strength (+2).
   rPois:     It protects you from poison.
 b - a +0 shortbow
 h - a +2 glaive of freezing
 C - a +2 trident of flaming
 G - a +1 short sword
 I - a +3 quarterstaff of chaos
 K - a +0 hammer
Missiles
 p - 18 poisoned darts
 r - 65 stones
 u - 2 curare-tipped darts
Armour
 f - a +0 robe
 i - an orb of light
 n - +1 swamp dragon scales (worn)
 J - a +0 cloak (worn)
Magical Staves
 D - a staff of cold
Jewellery
 c - a +4 ring of slaying (right hand)
 t - a +6 ring of strength (left hand)
Wands
 e - a wand of charming (7)
 j - a wand of digging (4)
 o - a wand of polymorph (7)
 y - a wand of roots (7)
Scrolls
 g - 2 scrolls of fear
 l - a scroll of amnesia
 q - 2 scrolls of teleportation
 w - a scroll of silence
Potions
 k - 2 potions of brilliance
 m - a potion of berserk rage
 s - a potion of attraction
 v - 2 potions of might
 x - a potion of magic
 z - a potion of lignification
 F - a potion of mutation
 H - a potion of flight


   Skills:
 - Level 1.1 Fighting
 - Level 1.1 Short Blades
 - Level 2.5 Ranged Weapons
 + Level 3.8 Armour
 - Level 4.2 Dodging
 - Level 4.0 Stealth
 + Level 9.5 Spellcasting
 * Level 9.3 Conjurations
 - Level 3.0 Hexes
 - Level 2.5 Translocations
 + Level 4.1 Fire Magic
 - Level 2.0 Ice Magic


You had 5 spell levels left.
You knew the following spells:

 Your Spells              Type           Power      Damage    Failure   Level
a - Magic Dart            Conj           100%       1d8       1%          1
b - Searing Ray           Conj           100%       2d8       1%          2
c - Dazzling Flash        Conj/Hex       96%        N/A       1%          3
d - Fulminant Prism       Conj/Hex       24%        3d12      7%          4
e - Iskenderun's Mystic   Conj/Tloc      46%        2d10      8%          4
f - Ensorcelled Hibernat  Hex/Ice        54%        N/A       4%          2
g - Scorch                Fire           72%        2d8       2%          2
h - Flame Wave            Conj/Fire      50%        2d12      5%          4

Your spell library contained the following spells:

 Spells                   Type           Power      Damage    Failure   Level
 Apportation              Tloc           54%        N/A       3%          1
 Necrotise                Necr           52%        1d6       9%          1
 Passwall                 Tmut/Erth      10%        N/A       14%         2
 Swiftness                Air            13%        N/A       26%         3
 Vampiric Draining        Necr           13%        2d6       26%         3
 Agony                    Necr           13%        N/A       94%         5
 Alistair's Intoxication  Tmut/Pois      8%         N/A       94%         5
 Summon Cactus Giant      Summ           6%         N/A       100%        6


Dungeon Overview and Level Annotations

Branches:
Dungeon (7/15)             Temple (1/1) D:4           Sewer (visited)

Altars:
Dithmenos
Fedhas
Gozag
Hepliaklqana
Nemelex Xobeh
Okawaru
Sif Muna
Vehumet
Wu Jian
Xom
Yredelemnul

Shops:
D:4 *


Message History

The wight is almost destroyed.
The wight closely misses you.
A kobold comes into view. It is wielding a +0 short sword.
Unknown command.
Casting: Scorch (safe; 2% risk of failure)
Confirm with . or Enter, or press ? or * to list all spells.
Flames lash the orc.
The orc is heavily wounded.
The orc's fire resistance burns away.
The wight hits you but does no damage.
The kobold throws a stone.
The stone hits you but does no damage.
Unknown command.
Casting: Scorch (safe; 2% risk of failure)
Confirm with . or Enter, or press ? or * to list all spells.
Flames lash the orc.
The orc is burned terribly!
You kill the orc!
Vehumet accepts your kill.
The wight hits you from afar with a +3 halberd.
You feel drained.
Casting: Scorch (safe; 2% risk of failure)
Confirm with . or Enter, or press ? or * to list all spells.
Aiming: Magic Dart (safe; 1% risk of failure)
Press: ? - help, Shift-Dir - straight line, f/p - wight
Aim: a wight, wielding a +3 halberd and wearing a +0 robe (almost destroyed, more vulnerable to fire, 100% to hit)
The magic dart hits the wight.
The wight is almost destroyed.
The wight hits you from afar with a +3 halberd.
You feel drained.
The kobold throws a stone.
The stone hits you but does no damage.
Casting: Magic Dart (safe; 1% risk of failure)
Confirm with . or Enter, or press ? or * to list all spells.
Aiming: Magic Dart (safe; 1% risk of failure)
Press: ? - help, Shift-Dir - straight line, f/p - wight
Aim: a wight, wielding a +3 halberd and wearing a +0 robe (almost destroyed, more vulnerable to fire, 100% to hit)
The magic dart hits the wight but does no damage.
The wight is almost destroyed.
The wight hits you from afar with a +3 halberd!
* * * LOW HITPOINT WARNING * * *
The kobold throws a stone.
The stone barely misses you.
The wight hits you from afar with a +3 halberd!
You die...

. .. ### ##...
..#.... .
##.#..#...
#.........
#)@.......
.....))).....#.
.......z.......
.............K.
......?(.....#.
............##
............#
$..........##


You could see a wight (combustible) and a kobold.

Vanquished Creatures
  Pikel (D:6)
  Maggie (D:6)
  Sigmund (D:5)
  A steam dragon (D:6)
  Menkaure (D:6)
  A water moccasin (D:5)
  A black bear (D:5)
  An ogre (D:4)
  A centaur (D:5)
  3 lemures (D:6)
  Blork the orc (D:4)
  2 phantoms
  5 kobold brigands (Sewer)
  4 wights (D:7)
  A howler monkey (D:6)
  A quasit (D:4)
  2 orc priests
  A gnoll bouda (D:5)
  3 hounds
  Crazy Yiuf (D:6)
  2 sleepcaps
  4 iguanas
  4 orc wizards
  Terence (D:3)
  9 adders
  3 gnolls (D:5)
  4 river rats (Sewer)
  5 shadow imps (D:4)
  6 white imps
  4 ufetubi (D:4)
  6 worms
  5 dart slugs
  12 orcs
  9 endoplasms
  5 giant cockroaches
  4 goblins
  7 hobgoblins
  A quokka (D:1)
  14 ball pythons
  2 bats
  4 frilled lizards
  8 kobolds
  9 rats
161 creatures vanquished.

Vanquished Creatures (others)
  8 fulminant prisms
8 creatures vanquished.

Grand Total: 169 creatures vanquished

Notes
Turn   | Place    | Note
-------+----------+-------------------------------------------
     0 | D:1      | Warped the Deep Elf Conjurer began the quest for the Orb.
     0 | D:1      | Reached XP level 1. HP: 10/10 MP: 6/6
   266 | D:1      | Reached XP level 2. HP: 15/15 MP: 1/8
   360 | D:1      | Learned a level 2 spell: Searing Ray
   978 | D:2      | Found a faded altar of an unknown god.
  1040 | D:2      | Reached skill level 5 in Conjurations
  1040 | D:2      | Reached XP level 3. HP: 19/19 MP: 6/10
  1224 | D:2      | Learned a level 3 spell: Dazzling Flash
  2010 | D:3      | Found an iron altar of Okawaru.
  2016 | D:3      | Reached XP level 4. HP: 18/24 MP: 4/12
  2230 | D:3      | Found a glowing drain.
  2247 | Sewer    | Entered a sewer
  2493 | Sewer    | Reached skill level 5 in Spellcasting
  2577 | Sewer    | Noticed a kobold brigand
  2589 | Sewer    | Killed a kobold brigand
  2590 | Sewer    | Reached XP level 5. HP: 15/28 MP: 4/14
  2658 | Sewer    | Reached skill level 1 in Armour
  2658 | Sewer    | Reached XP level 6. HP: 16/32 MP: 3/16
  3293 | Sewer    | Reached XP level 7. HP: 36/36 MP: 13/18
  3469 | D:3      | Found an opulent altar of Gozag.
  3580 | D:3      | Noticed Terence
  3586 | D:3      | Killed Terence
  3738 | D:3      | Identified a scroll of acquirement
  3738 | D:3      | Acquired 633 gold pieces
  4039 | D:3      | Learned a level 4 spell: Fulminant Prism
  4044 | D:3      | Learned a level 4 spell: Iskenderun's Mystic Blast
  4170 | D:4      | Found Sucafixe's General Store.
  4181 | D:4      | Bought 2 potions of curing for 72 gold pieces
  4257 | D:4      | Reached skill level 1 in Hexes
  4423 | D:4      | Found a staircase to the Ecumenical Temple.
  4432 | Temple   | Entered the Ecumenical Temple
  4462 | D:4      | Reached skill level 1 in Short Blades
  4462 | D:4      | Reached skill level 1 in Translocations
  4665 | D:4      | Learned a level 2 spell: Ensorcelled Hibernation
  4668 | D:4      | Learned a level 2 spell: Scorch
  4734 | D:4      | Found a shimmering blue altar of Sif Muna.
  4954 | D:4      | Noticed Blork the orc
  4962 | D:4      | Killed Blork the orc
  5019 | D:4      | Found a radiant altar of Vehumet.
  5140 | D:4      | Reached XP level 8. HP: 42/42 MP: 15/20
  5699 | D:5      | Entered Level 5 of the Dungeon
  5760 | D:5      | Reached skill level 1 in Fire Magic
  5760 | D:5      | Reached skill level 1 in Ice Magic
  6117 | D:5      | Reached skill level 1 in Fighting
  6273 | D:5      | Identified the +5 falchion of Patterns {freeze, rPois
                  | Str+2}
  6319 | D:5      | Found a basalt altar of Yredelemnul.
  6609 | D:5      | Noticed Sigmund
  6615 | D:5      | Killed Sigmund
  6616 | D:5      | Reached skill level 1 in Ranged Weapons
  6621 | D:5      | Learned a level 4 spell: Flame Wave
  6677 | D:5      | Found an ornate altar of the Wu Jian Council.
  6727 | D:5      | Found a blossoming altar of Fedhas.
  6833 | D:4      | Became a worshipper of Vehumet
  6885 | D:5      | Found a sparkling altar of Nemelex Xobeh.
  6956 | D:5      | Noticed an oklob plant
  7005 | D:5      | an oklob plant changed into a sleepcap
  7508 | D:6      | Noticed Maggie
  7518 | D:6      | Noticed Menkaure
  7532 | D:6      | Killed Maggie
  7533 | D:6      | Reached XP level 9. HP: 15/47 MP: 20/23
  7533 | D:6      | Killed Menkaure
  7860 | D:6      | Found a shadowy altar of Dithmenos.
  7916 | D:6      | Noticed Pikel
  7928 | D:6      | Killed Pikel
  8200 | D:6      | Found a runed translucent door.
  8201 | D:6      | Noticed Crazy Yiuf
  8521 | D:6      | Found a hazy altar of Hepliaklqana.
  8665 | D:6      | Killed Crazy Yiuf
  8772 | D:7      | Slain by a wight

Illustrated notes

Levels and vault maps discovered:
D:1:      dpeg_arrival_ternary, layout_basic, serial_park_tiny_pond,
          minmay_tiny_reverse_x
D:2:      layout_loops_cross, ebering_ecumenical_altar_abandoned
D:3:      layout_loops_corners, mainiacjoe_overflow_concentric_impassable,
          mainiacjoe_overflow_small_starburst, cheibrodos_sewer_entry_bend,
          uniq_terence
D:4:      layout_loops_ring, mainiacjoe_overflow_boulevard, tgw_sif,
          minmay_temple_entry_mini_moons, serial_shops, shop, serial_demonic,
          serial_demonic_e, serial_demonic_d, serial_demonic_d,
          serial_demonic_c, serial_demonic_c, serial_demonic_f,
          kennysheep_cluttered_room, skrybe_limestone_x,
          nicolae_elevator_lobby_plus, uniq_blork_the_orc
D:5:      layout_loops_corners, tgw_fedhas, nicolae_overflow_hidden_temple,
          lemuel_coloured_pillars_altar, nzn_wu_jian_contemplation,
          minmay_hedge_maze, chequers_mini_garden, st_stairs_9, uniq_sigmund
D:6:      layout_basic, kennysheep_mini_moat, mainiacjoe_overflow_tiny_flanked,
          uniq_pikel, uniq_crazy_yiuf_cottage, uniq_menkaure, uniq_maggie
D:7:      layout_rooms, cheibriados_altar_1, cheibrodos_ashenzari_chains,
          enter_bailey_3, guppyfry_early_elven_hall
Temple:   ebering_the_one_and_only

Skill      XL: |  1  2  3  4  5  6  7  8  9 |
---------------+----------------------------+-----
Spellcasting   | 4 5 6 7 8 9 |  9.5
Conjurations   | 5 6 7 8 9 |  9.3
Dodging        | 3 4 |  4.2
Stealth        | 3 4 |  4.0
Armour         | 1 2 3 |  3.8
Hexes          | 2 3 |  3.0
Short Blades   | 1 |  1.1
Translocations | 1 2 |  2.5
Fire Magic     | 2 4 |  4.1
Ice Magic      | 2 |  2.0
Fighting       | 1 |  1.1
Ranged Weapons | 2 |  2.5

Action                     |  1- 3 |  4- 6 |  7- 9 || total
---------------------------+-------+-------+-------++-------
  Melee: Short sword       |    11 |    10 |    30 ||    51
         Falchion          |       |       |    17 ||    17
   Fire: Shortbow          |       |       |    25 ||    25
   Cast: Magic Dart        |    54 |    29 |    64 ||   147
         Searing Ray       |     4 |    23 |    39 ||    66
         Dazzling Flash    |       |     2 |       ||     2
         Iskenderun's Myst |       |       |     7 ||     7
         Scorch            |       |       |    39 ||    39
         Fulminant Prism   |       |       |     8 ||     8
         Ensorcelled Hiber |       |       |     2 ||     2
         Flame Wave        |       |       |     2 ||     2
  Evoke: Wand              |       |       |     3 ||     3
    Use: Scroll            |     2 |     1 |    19 ||    22
         Potion            |       |     7 |    10 ||    17
   Stab: Sleeping          |       |       |     1 ||     1
 Armour: Robe              |     2 |       |       ||     2
         Ring mail         |       |    11 |    32 ||    43
         Skin              |       |    26 |     8 ||    34
         Swamp dragon scal |       |       |    18 ||    18
  Dodge: Dodged            |     8 |    20 |    83 ||   111
